 Dungeon Crawl Stone Soup version 0.32-a0-818-gb728d0252e (webtiles) character file.

Game seed: 11641853213178124135

78 Morbidden the Ruffian (level 4, -1/36 (54) HPs)
             Began as a Draconian Shapeshifter on Mar 24, 2024.
             Slain by an ogre
             ... wielding a +0 giant club
              (4 damage)
             ... on level 4 of the Dungeon.
             The game lasted 00:01:19 (1074 turns).

Morbidden the Ruffian (Draconian Shapeshifter)      Turns: 1074, Time: 00:01:20

HP:   -1/36 (54)    AC: 22    Str: 17    XL:     4   Next: 15%
MP:   5/5           EV:  2    Int: 12    God:
Gold: 78            SH:  0    Dex: 10    Spells: 4/4 levels left

rFire   . .          .
                       - Unarmed
rCold   . . .        (no shield)
rNeg    . . .        (body armour unavailable)
rPois   +            (helmet currently unavailable)
rElec   .            (cloak currently unavailable)
rCorr   .            (gloves currently unavailable)
SInv    .            (boots currently unavailable)
Will    .....        (no amulet)
Stlth   +            i - ring of wizardry
HPRegen 0.26/turn    (no ring)
MPRegen 0.09/turn

%: wizardry (x1)
@: tree-form, very heavily drained
A: stationary, stasis, torment immunity, boosted hp, AC +5, unfitting armour,
(cold-blooded)
a: no special abilities


You were on level 4 of the Dungeon.
You were a tree.
You visited 1 branch of the dungeon, and saw 3 of its levels.

You collected 78 gold pieces.

Inventory:

Missiles
 j - 4 javelins (quivered)
Jewellery
 i - a ring of wizardry (left branch)
Talismans
 b - a beast talisman (active)
 c - a flux talisman
Potions
 d - a potion of magic
 e - a potion of curing {unknown}
 f - 2 potions of mutation {unknown}
 h - a potion of heal wounds {unknown}


   Skills:
 * Level 1.7 Fighting
 * Level 2.1 Dodging
 + Level 0.2 Stealth
 * Level 4.0 Unarmed Combat
 * Level 0.8 Spellcasting
 * Level 3.3 Shapeshifting


You had 4 spell levels left.
You didn't know any spells.
Your spell library was empty.

Dungeon Overview and Level Annotations

Branches:
Dungeon (2/15)

Altars:


Innate Abilities, Weirdness & Mutations

You are a tree.
Your roots penetrate the ground, keeping you stationary.
You cannot be teleported.
You are immune to unholy pain and torment.
Your maximum health is greatly increased.
Your equipment is partially melded.
((Your plain brown scales are hard. (AC +5)))
You cannot fit into any form of body armour.
((You are cold-blooded and may be slowed by cold attacks.))


Message History

Unknown command.
The kobold hits you but does no damage.
You feel drained. The kobold attacks as it pursues you!
The kobold hits you with a +4 short sword of draining.
You feel drained.
The kobold hits you with a +4 short sword of draining.
You feel drained.
As you read the scroll labelled ENAUPR WEIPH, it crumbles to dust.
It is a scroll of identify.
d - a potion of magic The kobold misses you.
The kobold hits you with a +4 short sword of draining.
You feel drained.
Your transformation has ended.
You turn into a tree.
Your roots penetrate the ground.
The ogre hits you but does no damage. The kobold hits you but does no damage.
You feel drained.
Unknown command.
You smack the ogre!
The ogre is moderately wounded.
The kobold hits you but does no damage.
You feel drained.
The ogre hits you with a +0 giant club!!
* * * LOW HITPOINT WARNING * * *
Unknown command.
You hit the ogre.
The ogre is heavily wounded.
The kobold hits you but does no damage.
You feel drained.
Unknown command.
You barely miss the ogre.
The ogre is heavily wounded.
The ogre hits you but does no damage.
The kobold hits you with a +4 short sword of draining.
* * * LOW HITPOINT WARNING * * *
You feel drained.
* * * LOW HITPOINT WARNING * * *
You barely miss the ogre.
The ogre is heavily wounded.
The kobold hits you but does no damage.
You feel drained. The ogre hits you with a +0 giant club.
You die...

##.....###...........##
##...## #............##
##..# #.............##
#### ##......>....?..#
#...............#
#..............#
#..............#
##..OK........##
#..♣........##
.......##......##
....... ########
.#..... ###... ##.. #..
###


You could see an ogre and a kobold.

Vanquished Creatures
  3 adders (D:2)
  3 ball pythons (D:1)
  6 bats
  2 endoplasms (D:1)
  2 giant cockroaches
  2 goblins
  3 hobgoblins
  4 jackals (D:1)
  2 quokkas
  6 frilled lizards
  9 kobolds
  7 rats
49 creatures vanquished.

Notes
Turn   | Place    | Note
-------+----------+-------------------------------------------
     0 | D:1      | Morbidden the Draconian Shapeshifter began the quest for
                  | the Orb.
     0 | D:1      | Reached XP level 1. HP: 16/16 MP: 1/1
   145 | D:1      | Reached XP level 2. HP: 19/23 MP: 2/2
   389 | D:1      | Reached XP level 3. HP: 28/28 MP: 3/3
   991 | D:2      | Reached skill level 4 in Unarmed Combat
   991 | D:2      | Reached XP level 4. HP: 36/36 MP: 5/5
  1015 | D:2      | You fall into a shaft and drop 2 floors!
  1045 | D:4      | Noticed an ogre
  1074 | D:4      | Slain by an ogre

Illustrated notes

Levels and vault maps discovered:
D:1:      eino_arrival_druids_welcome, layout_loops_ring, minmay_pentomino_r2
D:2:      layout_loops_cross, uniq_robin
D:4:      layout_cave_pods

Skill      XL: |  1  2  3 |
---------------+----------+-----
Dodging        | 2 |  2.1
Unarmed Combat | 4 |  4.0
Fighting       | |  1.7
Stealth        | |  0.2
Spellcasting   | |  0.8
Shapeshifting  | |  3.3

Action                     |  1- 3 |  4- 6 || total
---------------------------+-------+-------++-------
  Melee: Unarmed           |   140 |    12 ||   152
         Tailslap          |    11 |     1 ||    12
    Use: Scroll            |       |     1 ||     1
         Potion            |       |     1 ||     1
   Stab: Sleeping          |     2 |     1 ||     3
 Armour: Skin              |    79 |    19 ||    98
  Dodge: Dodged            |    85 |     3 ||    88

Table legend: (Time is in decaauts)
 A = Elapsed time spent in this place.
 B = Non-inter-level travel time spent in this place.
 C = Inter-level travel time spent in this place.
 D = Time resting spent in this place.
 E = Time spent auto-exploring this place.
 F = Levels seen in this place.
 G = Mean time per level.
                   A        B        C        D        E       F      G
               +--------+--------+--------+--------+--------+-----+--------+
         Total |   1063 |   1025 |     38 |      0 |    728 |   3 |  354.3 |
       Dungeon |   1063 |   1025 |     38 |      0 |    728 |   3 |  354.3 |
               +--------+--------+--------+--------+--------+-----+--------+

Top non-repeatable levels by time:
     D:1: 728 daAuts
     D:2: 277 daAuts
     D:4: 58 daAuts
